 Dungeon Crawl Stone Soup version 0.21.1-1-g345015fe64 (webtiles) character file.

18880 FreshCat the Severer (level 12, -2/111 HPs)
             Began as a Hill Orc Fighter on Apr 19, 2018.
             Was a High Priest of Beogh.
             Slain by a 12-headed hydra (10 damage)
             ... on level 1 of the Lair of Beasts.
             The game lasted 01:14:02 (12252 turns).

FreshCat the Severer (Hill Orc Fighter)            Turns: 12252, Time: 01:14:03

Health: -2/111     AC: 18    Str: 23    XL:     12   Next: 63%
Magic:  0/12       EV: 11    Int: 10    God:    Beogh [*****.]
Gold:   751        SH: 12    Dex: 11    Spells: 10/11 levels left

rFire    + + +     SeeInvis .   r - +11 hand axe of Evisceration {freeze, *Drain rF+ rN++ Int+2}
rCold    x . .     Gourm    .   c - +0 shield
rNeg     + + .     Faith    .   i - +0 ring mail of Dain {rF+ rC- MR+++ Regen+}
rPois    .         Spirit   +   I - +1 helmet of Qazlal {rElec rF+}
rElec    +         Reflect  .   e - +1 cloak
rCorr    .         Harm     .   (no gloves)
MR       ++++.                  A - +0 pair of boots
Stlth    +.........             B - amulet of guardian spirit
HPRegen  0.68/turn              y - +3 ring of protection
MPRegen  0.13/turn              D - ring of protection from magic

@: no status effects
A: walk on water, claws 1, icy blue scales 1
a: Smiting, Recall Orcish Followers, Give Item to Named Follower, Renounce
Religion


You were on level 1 of the Lair of Beasts.
You worshipped Beogh.
Beogh was extremely pleased with you.
You were hungry.

You visited 4 branches of the dungeon, and saw 17 of its levels.

You collected 751 gold pieces.

Inventory:

Hand Weapons
 k - a +3 trident
 r - the +11 hand axe of Evisceration (weapon) {freeze, *Drain rF+ rN++ Int+2}
   (You found it on level 4 of the Dungeon)

   It has been specially enchanted to freeze those struck by it, causing extra
   injury to most foes and up to half again as much damage against particularly
   susceptible opponents.
   It can also slow down cold-blooded creatures.
   It affects your intelligence (+2).
   It protects you from fire.
   It greatly protects you from negative energy.
   It causes draining when unequipped.
 J - a +1 vampiric dagger
 K - a +1 hand axe of electrocution
 M - a +2 mace of protection
 N - a +2 trident of flaming
 P - a +0 vampiric trident
 Q - a +1 flail of draining
 S - a +1 flail of holy wrath
Missiles
 b - 4 silver tomahawks
 g - 6 javelins
 o - 3 poisoned tomahawks
 q - 19 tomahawks (quivered)
 Z - a throwing net
Armour
 c - a +0 shield (worn)
 e - a +1 cloak (worn)
 h - a +0 helmet
 i - the +0 ring mail of Dain (worn) {rF+ rC- MR+++ Regen+}
   (You found it on level 7 of the Dungeon)

   It protects you from fire.
   It makes you vulnerable to cold.
   It affects your resistance to hostile enchantments.
   It increases your rate of regeneration.
 A - a +0 pair of boots (worn)
 I - the +1 helmet of Qazlal (worn) {rElec rF+}
   (You found it on level 1 of the Lair of Beasts)

   It protects you from fire.
   It insulates you from electricity.
 O - a +0 troll leather armour
Jewellery
 y - a +3 ring of protection (left claw)
 B - an amulet of guardian spirit (around neck)
 D - a ring of protection from magic (right claw)
 L - an uncursed ring of flight
Wands
 m - a wand of paralysis (11)
 C - a wand of disintegration (13)
 X - a wand of iceblast (6)
Scrolls
 l - 3 scrolls of teleportation
 s - a scroll of fear
 w - 4 scrolls of magic mapping
 x - 3 scrolls of identify
 z - a scroll of enchant weapon
 F - a scroll of fog {unknown}
 G - 2 scrolls of remove curse
 W - a scroll of blinking
Potions
 a - a potion of brilliance
 d - 2 potions of might
 j - 4 potions of curing
 n - 3 potions of flight
 t - 3 potions of cancellation
 u - 2 potions of ambrosia
 E - 2 potions of lignification
 U - a potion of resistance {unknown}
Books
 v - a book of Flames

   Spells                             Type                      Level
   a - Flame Tongue                   Conjuration/Fire             1
   b - Throw Flame                    Conjuration/Fire             2
   c - Conjure Flame                  Conjuration/Fire             3
   d - Inner Flame                    Hexes/Fire                   3
   e - Sticky Flame                   Conjuration/Fire             4
   f - Fireball                       Conjuration/Fire             5
 H - a book of Frost

   Spells                             Type                      Level
   a - Freeze                         Ice                          1
   b - Throw Frost                    Conjuration/Ice              2
   c - Ozocubu's Armour               Charms/Ice                   3
   d - Throw Icicle                   Conjuration/Ice              4
   e - Summon Ice Beast               Ice/Summoning                4
Comestibles
 f - 23 rations
 p - 4 chunks of flesh


   Skills:
 + Level 11.6 Fighting
 + Level 15.8 Axes
 + Level 1.1 Throwing
 + Level 8.3 Armour
 - Level 2.0 Dodging
 + Level 2.9 Stealth
 + Level 11.4 Shields
 + Level 0.7 Invocations


You had 10 spell levels left.
You knew the following spells:

 Your Spells              Type           Power        Failure   Level  Hunger
a - Flame Tongue          Conj/Fire      #....        65%         1    ##.....


Dungeon Overview and Level Annotations

Branches:
Dungeon (12/15)            Temple (1/1) D:4            Lair (2/6) D:9
  Snake (0/4) Lair:2          Orc (2/2) D:9
  Swamp: Lair:2-4    Shoals: Lair:2-4       Elf: Orc:2

Altars:
Ashenzari
Cheibriados
Dithmenos
Elyvilon
Fedhas
Gozag
Hepliaklqana
Kikubaaqudgha
Makhleb
Nemelex Xobeh
Okawaru
Qazlal
Ru
Sif Muna
Trog
Uskayaw
Vehumet
Wu Jian
Xom
Yredelemnul
Zin
The Shining One

Shops:
Orc:2 **


Innate Abilities, Weirdness & Mutations

You can walk on water.
You have sharp fingernails.
You are partially covered in icy blue scales. (AC +2)


Message History

The ten-headed hydra bites you but does no damage.
You slice one of the ten-headed hydra's heads off!
The nine-headed hydra grows two more!
You slash the 11-headed hydra!
The 11-headed hydra seems to slow down.
You freeze the 11-headed hydra.
The 11-headed hydra is heavily wounded.
You hack one of the 11-headed hydra's heads off!
The ten-headed hydra grows two more!
You slash the 12-headed hydra! You freeze the 12-headed hydra.
The 12-headed hydra is heavily wounded.
The 12-headed hydra bites you but does no damage.
The 12-headed hydra completely misses you.
The 12-headed hydra bites you.
* * * LOW HITPOINT WARNING * * *
The 12-headed hydra bites you.
* * * LOW HITPOINT WARNING * * *
You block the 12-headed hydra's attack. The 12-headed hydra bites you.
* * * LOW HITPOINT WARNING * * *
The 12-headed hydra bites you but does no damage.
The 12-headed hydra bites you!
You die...

#..............## ##
##.#
#...............#
####
#................# .#
##...
................###.
##....
................# .#
#.....
..#............##.
##....
#..........t##.#
#....
##........rD##.#
#.... ##.......F#@.#
#.... ##......###.#
#.... ###..####o##
##... ##.####.## #...
####....### #...
......)...### #...
###.........## #...
#..........## ##..
##..........#######..


You could see a 12-headed hydra, a crocodile and a porcupine.

Vanquished Creatures
  The ghost of Oravi the Slinger, a journeyman HaHu of Okawaru (D:10)
  Erolcha (D:9)
  A two-headed ogre (D:8)
  2 soul eaters (Orc:2)
  The ghost of Naow the Cleaver, a novice FoFi (D:7)
  A sixfirhy (Orc:2)
  A spiny frog (Lair:1)
  4 trolls
  Grinder (D:5)
  3 blink frogs (Lair:1)
  A shadow (D:11)
  Sigmund (D:5)
  A wraith (D:10)
  A spriggan (D:7)
  A hungry ghost (D:10)
  12 yaks
  Grum (D:8)
  A neqoxec (Orc:2)
  4 water moccasins
  3 porcupines
  9 orc warriors
  4 ice beasts
  A necrophage (D:9)
  2 black bears
  7 ogres
  5 phantoms
  A sky beast (D:5)
  6 wolves
  3 centaurs
  The ghost of matti1234 the Vexing, an amateur FoAM (D:4)
  A crocodile (Lair:2)
  3 big kobolds
  9 bullfrogs
  5 gnoll sergeants
  A water moccasin skeleton (D:9)
  3 scorpions
  11 killer bees
  5 wights (D:10)
  10 howler monkeys
  8 crimson imps
  3 bullfrog zombies
  A centaur zombie (D:10)
  4 hounds
  3 jellies
  9 orc priests
  2 centaur skeletons
  4 orc wizards
  5 iguanas
  8 worker ants
  A hound skeleton (D:5)
  2 worker ant zombies
  14 gnolls
  10 adders
  A shadow imp (D:6)
  An ooze (D:1)
  4 adder skeletons
  An adder zombie (D:8)
  2 dart slugs
  A leopard gecko (D:5)
  38 orcs
  4 giant cockroaches
  9 goblins
  6 hobgoblins
  2 jackals (D:4)
  4 quokkas
  7 bats
  12 frilled lizards
  22 kobolds
  A leopard gecko skeleton (D:6)
  6 rats
  A plant (D:7)
325 creatures vanquished.

Vanquished Creatures (collateral kills)
  An orc knight (Orc:2)
  A rime drake (Lair:1)
  2 blink frogs (Lair:1)
  A hippogriff (Lair:1)
  6 yaks
  A basilisk (Lair:1)
  3 orc warriors
  A crocodile (Lair:1)
  A big kobold (D:9)
  An orc priest (Orc:2)
  A jelly (D:9)
  An orc wizard (D:9)
  An adder (D:9)
  2 gnolls (D:9)
  9 orcs
32 creatures vanquished.

Vanquished Creatures (others)
  3 orc knights
  6 orc warriors
  2 orc wizards
  6 orc priests (Orc:2)
  A hound skeleton (D:6)
  13 orcs
  2 plants (D:7)
33 creatures vanquished.

Grand Total: 390 creatures vanquished

Notes
Turn   | Place    | Note
-------+----------+-------------------------------------------
     0 | D:1      | FreshCat the Hill Orc Fighter began the quest for the Orb.
     0 | D:1      | Reached XP level 1. HP: 19/19 MP: 1/1
   179 | D:1      | Reached XP level 2. HP: 27/27 MP: 2/2
   370 | D:1      | Reached skill level 3 in Axes
   673 | D:1      | Reached XP level 3. HP: 28/33 MP: 3/3
   890 | D:2      | Reached skill level 4 in Axes
   890 | D:2      | Reached XP level 4. HP: 29/40 MP: 4/4
  1321 | D:2      | You fall through a shaft!
  1371 | D:3      | Found a glowing silver altar of Zin.
  1372 | D:3      | Found a radiant altar of Vehumet.
  1372 | D:3      | Found a deep blue altar of Sif Muna.
  1373 | D:3      | Found a hide-covered altar of Uskayaw.
  1669 | D:2      | Reached XP level 5. HP: 47/47 MP: 5/5
  1836 | D:2      | Gained mutation: Your body sometimes deteriorates upon taking damage. [potion of mutation]
  1836 | D:2      | Gained mutation: Your flesh is cold resistant. (rC+) [potion of mutation]
  1837 | D:2      | Lost mutation: Your body sometimes deteriorates upon taking damage. [potion of mutation]
  1837 | D:2      | Lost mutation: Your flesh is cold resistant. (rC+) [potion of mutation]
  1837 | D:2      | Gained mutation: You have sharp fingernails. [potion of mutation]
  1837 | D:2      | Gained mutation: Your magical capacity is low. (-10% MP) [potion of mutation]
  1837 | D:2      | Lost mutation: Your magical capacity is low. (-10% MP) [potion of mutation]
  1837 | D:2      | Gained mutation: You are partially covered in icy blue scales. (AC +2) [potion of mutation]
  2175 | D:4      | Noticed matti1234's ghost (amateur FoAM)
  2421 | D:4      | Killed matti1234's ghost
  2421 | D:4      | Reached skill level 5 in Axes
  2513 | D:3      | Found a basalt altar of Yredelemnul.
  2614 | D:4      | Reached XP level 6. HP: 50/53 MP: 6/6
  2620 | D:4      | Found a staircase to the Ecumenical Temple.
  2622 | D:5      | Entered Level 5 of the Dungeon
  2622 | D:5      | Noticed Sigmund
  2648 | Temple   | Entered the Ecumenical Temple
  2933 | D:4      | Reached skill level 6 in Axes
  3152 | D:4      | Reached skill level 1 in Dodging
  3343 | D:4      | Noticed a phantom
  3369 | D:4      | Killed a phantom
  3369 | D:4      | Reached skill level 5 in Fighting
  3369 | D:4      | Reached XP level 7. HP: 52/61 MP: 7/7
  3463 | D:4      | Reached skill level 7 in Axes
  3480 | D:5      | Noticed Grinder
  3501 | D:5      | Paralysed by Grinder for 7 turns
  3898 | D:5      | Killed Grinder
  3898 | D:5      | Reached skill level 8 in Axes
  4270 | D:4      | Got a crude hand axe
  4271 | D:4      | Identified the +11 hand axe of Evisceration {freeze, *Drain rF+ rN++ Int+2} (You found it on level 4 of the Dungeon)
  4511 | D:4      | Reached XP level 8. HP: 69/69 MP: 8/8
  4768 | D:5      | Reached skill level 5 in Shields
  4841 | D:6      | Became a worshipper of Beogh the Brigand
  4844 | D:6      | Reached skill level 5 in Armour
  4933 | D:5      | Reached skill level 9 in Axes
  5141 | D:5      | Found a snail-covered altar of Cheibriados.
  5237 | D:5      | Reached * piety under Beogh
  5269 | D:5      | Found an iron altar of Okawaru.
  5284 | D:5      | Killed Sigmund
  5663 | D:5      | Found an ornate altar of the Wu Jian Council.
  5700 | D:6      | Reached skill level 10 in Axes
  5700 | D:6      | Reached XP level 9. HP: 78/78 MP: 9/9
  5904 | D:7      | Noticed Naow's ghost (novice FoFi)
  5919 | D:7      | Killed Naow's ghost
  5919 | D:7      | Reached skill level 11 in Axes
  6370 | D:6      | Learned a level 1 spell: Flame Tongue
  6401 | D:7      | Reached skill level 1 in Stealth
  6805 | D:7      | Reached ** piety under Beogh
  6819 | D:7      | Reached skill level 12 in Axes
  6846 | D:7      | Reached XP level 10. HP: 60/88 MP: 8/10
  7155 | D:7      | Got a twisted ring mail
  7209 | D:7      | Reached skill level 1 in Throwing
  7777 | D:8      | Identified the cursed +0 ring mail of Dain {rF+ rC- MR+++ Regen+} (You found it on level 7 of the Dungeon)
  7801 | D:8      | Noticed a two-headed ogre
  7807 | D:8      | Killed a two-headed ogre
  7882 | D:8      | Reached skill level 13 in Axes
  7945 | D:8      | Reached *** piety under Beogh
  8108 | D:8      | Noticed Grum
  8124 | D:8      | Killed Grum
  8628 | D:10     | Entered Level 10 of the Dungeon
  8895 | D:9      | Reached skill level 14 in Axes
  8896 | D:9      | Reached XP level 11. HP: 78/97 MP: 7/11
  9035 | D:9      | Reached **** piety under Beogh
  9130 | D:9      | Found a staircase to the Lair.
  9430 | D:9      | Found a staircase to the Orcish Mines.
  9432 | D:9      | Gained Gorm as an ally
  9436 | D:9      | Your ally Gorm died
  9498 | Orc:1    | Entered Level 1 of the Orcish Mines
  9561 | Orc:2    | Entered Level 2 of the Orcish Mines
  9626 | Orc:2    | Gained Ognian as an ally
  9693 | Orc:2    | Noticed an orc knight
  9694 | Orc:2    | Found Puireh's General Store.
  9695 | Orc:2    | Noticed a sixfirhy
  9695 | Orc:2    | Gained Ugrim as an ally
  9696 | Orc:2    | Found Qeoqigoschu's General Store.
  9702 | Orc:2    | Killed a sixfirhy
  9702 | Orc:2    | Reached skill level 10 in Fighting
  9703 | Orc:2    | Reached ***** piety under Beogh
  9705 | Orc:2    | Your ally Ugrim died
  9709 | Orc:2    | Noticed a soul eater
  9715 | Orc:2    | Reached skill level 15 in Axes
  9716 | Orc:2    | Killed an orc knight
  9722 | Orc:2    | HP: 3/99 [orc warrior/glaive (15)]
  9728 | Orc:2    | Your ally Ognian died
  9739 | Orc:2    | Killed a soul eater
  9861 | Orc:2    | Noticed a soul eater
  9891 | Orc:2    | Killed a soul eater
 10048 | Orc:2    | Noticed an orc high priest
 10048 | Orc:2    | Noticed an orc knight
 10049 | Orc:2    | Noticed an orc sorcerer
 10058 | Orc:2    | Noticed an orc knight
 10106 | Orc:1    | Noticed Erolcha
 10139 | D:9      | Killed Erolcha
 10139 | D:9      | Reached skill level 10 in Shields
 10541 | D:10     | Noticed Oravi's ghost (journeyman HaHu)
 10577 | D:10     | Killed Oravi's ghost
 10577 | D:10     | Reached XP level 12. HP: 70/108 MP: 10/12
 11487 | Lair:1   | Entered Level 1 of the Lair of Beasts
 11654 | Lair:2   | Found a staircase to the Snake Pit.
 11748 | Lair:1   | Gained Korbok as an ally
 11802 | Lair:1   | Got a faintly glowing helmet
 11813 | Lair:1   | Identified the +1 helmet of Qazlal {rElec rF+} (You found it on level 1 of the Lair of Beasts)
 12211 | Lair:1   | Noticed a four-headed hydra
 12218 | Lair:1   | Your ally Korbok died
 12224 | Lair:1   | HP: 5/111 [ten-headed hydra (10)]
 12252 | Lair:1   | Slain by a 12-headed hydra

Skill      XL: |  1  2  3  4  5  6  7  8  9 10 11 12 |
---------------+-------------------------------------+-----
Fighting       | 4 5 6 7 9 10 11 | 11.6
Axes           | 3 4 5 6 8 10 12 14 15 | 15.8
Shields        | 4 6 7 8 10 11 | 11.4
Armour         | 4 5 6 7 8 |  8.3
Dodging        | 1 2 |  2.0
Stealth        | 1 2 |  2.9
Throwing       | 1 |  1.1
Invocations    | |  0.7

Action                   |  1- 3 |  4- 6 |  7- 9 | 10-12 || total
-------------------------+-------+-------+-------+-------++-------
Melee: War axe           |    85 |   139 |    67 |       ||   291
       Hand axe          |       |       |   180 |   556 ||   736
Throw: Stone             |    17 |       |       |       ||    17
       Tomahawk          |       |       |     3 |       ||     3
       Javelin           |       |       |     2 |       ||     2
Invok: Convert to Beogh  |       |       |     1 |       ||     1
       Recall Orcish Fol |       |       |       |     2 ||     2
       Smiting           |       |       |       |     1 ||     1
       Give Item to Name |       |       |       |     1 ||     1
Evoke: Wand              |       |       |       |     2 ||     2
  Use: Scroll            |     5 |     3 |    12 |    11 ||    31
       Potion            |       |     2 |       |     7 ||     9
 Stab: Distracted        |       |       |       |     2 ||     2
  Eat: Chunk             |       |     5 |     9 |    11 ||    25
       Ration            |       |     1 |     1 |     2 ||     4
Armor: Scale mail        |    36 |    56 |    24 |       ||   116
       Leather armour    |       |       |    19 |    12 ||    31
       Ring mail         |       |       |       |   103 ||   103
Dodge: Dodged            |    22 |    49 |    52 |   127 ||   250
Block: Shield            |    51 |    64 |    98 |   234 ||   447
